 Dungeon Crawl Stone Soup version 0.32-a0-779-g362cfcae2a (webtiles) character file.

Game seed: 13669569391175109992

9094 cojito the Party-goer (level 11, -3/92 HPs)
             Began as a Yellow Draconian Shapeshifter on Mar 20, 2024.
             Was a Follower of Uskayaw.
             Slain by a troll (10 damage)
             ... on level 11 of the Dungeon.
             The game lasted 00:21:16 (11648 turns).

cojito the Party-goer (DrSh)                       Turns: 11648, Time: 00:21:16

Health: -3/92      AC:  7    Str: 20    XL:     11   Next: 18%
Magic:  18/18      EV: 13    Int: 10    God:    Uskayaw [*.....]
Gold:   1166       SH:  0    Dex: 12    Spells: 10/10 levels left

rFire   . .          .
                       - Unarmed
rCold   . . .        (no shield)
rNeg    . . .        (body armour unavailable)
rPois   .            (helmet currently unavailable)
rElec   .            (cloak currently unavailable)
rCorr   +            (gloves currently unavailable)
SInv    .            (boots currently unavailable)
Will    .....        (no amulet)
Stlth   +++          (no ring)
HPRegen 0.35/turn    (no ring)
MPRegen 0.16/turn

%: no passive effects
@: about to teleport, beast-form
A: beast (slay +4), caustic breath, AC +7, unfitting armour, cold-blooded, acid
resistance
a: Caustic Breath, Begin Untransformation, Renounce Religion, Stomp


You were on level 11 of the Dungeon.
You worshipped Uskayaw.
Uskayaw was aware of your devotion.
You were a hulking beast.
You visited 2 branches of the dungeon, and saw 12 of its levels.
You also visited: Sewer and Bailey.

You collected 1328 gold pieces.
You spent 162 gold pieces at shops.

Inventory:

Hand Weapons
 a - the +3 longbow "Eluche Goum" {flame, rF+ Int+2}
   (You found it in a bailey)

   Int+2:     It affects your intelligence (+2).
   rF+:       It protects you from fire.
Missiles
 i - 4 curare-tipped darts (quivered)
 E - 8 datura-tipped darts
Armour
 m - a +0 cloak
 s - a +0 pair of gloves
Talismans
 b - a beast talisman (active)
 c - a flux talisman
 e - a maw talisman
Wands
 f - a wand of flame (10)
 y - a wand of paralysis (10)
 A - a wand of digging (5)
 G - a wand of quicksilver (6)
 H - a wand of iceblast (4)
Scrolls
 d - 2 scrolls of fear
 j - 2 scrolls of poison
 o - a scroll of acquirement {unknown}
 p - 7 scrolls of teleportation
 r - a scroll of enchant weapon {unknown}
 u - a scroll of vulnerability {unknown}
 v - 3 scrolls of fog
 w - a scroll of brand weapon {unknown}
 z - a scroll of blinking {unknown}
 B - a scroll of amnesia {unknown}
 C - a scroll of enchant armour {unknown}
Potions
 g - a potion of invisibility
 h - 2 potions of magic
 k - a potion of lignification
 l - 2 potions of haste {unknown}
 n - 5 potions of curing
 q - a potion of heal wounds
 t - a potion of mutation
 x - 4 potions of enlightenment
 D - a potion of attraction
 F - a potion of brilliance


   Skills:
 + Level 7.5 Fighting
 + Level 6.7 Dodging
 + Level 4.7 Stealth
 + Level 8.0 Unarmed Combat
 * Level 9.5 Invocations
 + Level 7.5 Shapeshifting


You had 10 spell levels left.
You didn't know any spells.
Your spell library contained the following spells:

 Spells                   Type           Power      Damage    Failure   Level
 Freeze                   Ice            0%         1d3       36%         1
 Blink                    Tloc           0%         N/A       50%         2
 Lesser Beckoning         Tloc           0%         N/A       50%         2
 Momentum Strike          Conj/Tloc      0%         3d8       50%         2
 Frozen Ramparts          Ice            0%         1d1       75%         3
 Gell's Gravitas          Tloc           0%         N/A       75%         3
 Hailstorm                Conj/Ice       0%         3d5       75%         3
 Inner Flame              Hex/Fire       0%         N/A       75%         3
 Summon Ice Beast         Ice/Summ       0%         N/A       75%         3
 Teleport Other           Tloc           0%         N/A       75%         3
 Flame Wave               Conj/Fire      0%         2d4       98%         4
 Sticky Flame             Fire/Alch      0%         2d4       98%         4
 Permafrost Eruption      Ice/Erth       0%         2x4d2     100%        6
 Sculpt Simulacrum        Ice/Alch       0%         N/A       100%        6


Dungeon Overview and Level Annotations

Branches:
Dungeon (11/15)            Temple (1/1) D:4            Lair (0/5) D:9
  Sewer (visited)          Bailey (visited)
    Orc: D:9-12

Altars:
Ashenzari
Cheibriados
Dithmenos
Elyvilon
Fedhas
Gozag
Hepliaklqana
Kikubaaqudgha
Makhleb
Nemelex Xobeh
Okawaru
Qazlal
Ru
Sif Muna
Trog
Uskayaw
Vehumet
Wu Jian
Xom
Yredelemnul
Zin
The Shining One

Shops:
D:3 *!!   D:6 =   D:7 :

Annotations:
D:4 1 runed translucent door, Aldia's ghost, amateur OnWr


Innate Abilities, Weirdness & Mutations

You are a hulking beast.
Your limbs bulge with bestial killing power. (Slay +4)
You can breathe corrosive fumes.
Your golden yellow scales are hard. (AC +7)
You cannot fit into any form of body armour.
You are cold-blooded and may be slowed by cold attacks.
You are resistant to acid. (rCorr)


Message History

Found a dagger.
A centaur and a troll come into view.
There are monsters nearby!
The centaur shouts!
The centaur wields a +0 orcbow.
The centaur shoots an arrow.
The arrow hits you.
The centaur shoots an arrow.
The arrow completely misses you.
The troll shouts!
The centaur shoots an arrow.
The arrow hits you.
An orc priest comes into view. It is wielding a +0 short sword.
The centaur shoots an arrow.
The arrow hits you.
You feel clever.
The +3 longbow "Eluche Goum" {flame, rF+ Int+2} bursts into flame!
a - the +3 longbow "Eluche Goum" (weapon)
{flame, rF+ Int+2}
Okay, then.
You shoot an arrow. The arrow closely misses the troll.
The troll closely misses you. The troll claws you but does no damage.
The troll misses you.
You shoot an arrow. The arrow hits the troll.
The arrow burns the troll.
The troll is lightly wounded.
The troll bites you! The troll closely misses you. The troll claws you.
The +3 longbow "Eluche Goum" {flame, rF+ Int+2} stops flaming.
You are now empty-handed.
The troll bites you! The troll claws you but does no damage.
The troll claws you!
You punch the troll!
The troll is moderately wounded.
The troll closely misses you. The troll claws you. The troll claws you!
You hit the troll.
The troll is heavily wounded.
The troll barely misses you. x2; The troll completely misses you.
As you read the scroll of teleportation, it crumbles to dust.
You feel strangely unstable. The troll barely misses you.
The troll claws you! x2
* * * LOW HITPOINT WARNING * * *
The troll attacks as it pursues you! The troll bites you!
* * * LOW HITPOINT WARNING * * *
The troll claws you!
* * * LOW HITPOINT WARNING * * *
The troll claws you!
You die...
Your body falls in perfect tune with the rhythm.

..#.#............# #.#
..............+..#####.#
.......).....##.......#
#.........##########
###.####### ### #c# #
#.# #T# #h# #.# #.# ###
o.. ... ... #####


You could see a troll, a centaur and an orc priest (asleep).

Vanquished Creatures
  Snorg (D:11)
  Joseph (D:10)
  Maggie (D:10)
  A gargoyle (D:11)
  A komodo dragon (D:10)
  Psyche (D:10)
  2 trolls
  2 shadows (D:11)
  11 yaks
  A wyvern (D:9)
  A vampire (D:10)
  A steam dragon (D:10)
  9 orc warriors
  A sky beast (D:8)
  2 laughing skulls (D:9)
  An ice beast (D:5)
  2 ogres
  4 centaurs
  A phantom (D:6)
  5 bullfrogs
  2 gnoll sergeants (D:9)
  10 kobold brigands
  A scorpion (D:3)
  7 howler monkeys
  4 bombardier beetles
  A jelly (D:8)
  2 hounds (D:4)
  5 orc priests
  Natasha (twice) (D:2)
  An iguana (D:7)
  10 orc wizards
  Robin (D:2)
  13 gnolls
  A river rat (Sewer)
  9 adders
  2 white imps
  2 ufetubi (D:6)
  3 ribbon worms
  4 dart slugs
  37 orcs
  9 ball pythons
  3 endoplasms
  10 giant cockroaches
  14 goblins
  11 hobgoblins
  2 jackals (Sewer)
  3 quokkas
  14 bats
  5 frilled lizards
  30 kobolds
  7 rats
274 creatures vanquished.

Notes
Turn   | Place    | Note
-------+----------+-------------------------------------------
     0 | D:1      | cojito the Draconian Shapeshifter began the quest for the
                  | Orb.
     0 | D:1      | Reached XP level 1. HP: 16/16 MP: 1/1
   456 | D:1      | Reached XP level 2. HP: 23/23 MP: 2/2
   943 | D:2      | Reached XP level 3. HP: 8/29 MP: 3/3
  1327 | D:2      | Reached XP level 4. HP: 5/36 MP: 4/4
  1515 | D:2      | Noticed Robin
  1526 | D:2      | Noticed Natasha
  1537 | D:2      | Killed Natasha
  1573 | D:2      | Killed Robin
  1574 | D:2      | Reached XP level 5. HP: 21/41 MP: 5/5
  1673 | D:2      | Noticed Natasha
  1679 | D:2      | Killed Natasha
  1876 | D:3      | Reached XP level 6. HP: 39/50 MP: 6/6
  1925 | D:3      | Found Zosiblyo's Assorted Antiques.
  1933 | D:3      | Bought a scroll labelled RANLAI JELA for 21 gold pieces
  1933 | D:3      | Bought a scroll labelled ANUPTU HUMAMM for 21 gold pieces
  1933 | D:3      | Bought a murky blue potion for 18 gold pieces
  1933 | D:3      | Bought a lumpy black potion for 18 gold pieces
  2040 | D:3      | Found Jatyith's Distillery.
  2229 | D:3      | Found Cuangu's Distillery.
  2346 | D:3      | Bought a potion of curing for 36 gold pieces
  2683 | D:3      | Bought a potion of might for 48 gold pieces
  2763 | D:4      | Found a runed translucent door.
  2763 | D:4      | Noticed Aldia's ghost (amateur OnWr)
  2825 | D:4      | Reached skill level 5 in Unarmed Combat
  3084 | D:4      | Found a staircase to the Ecumenical Temple.
  3332 | Temple   | Entered the Ecumenical Temple
  3338 | Temple   | Became a worshipper of Uskayaw the Reveller
  3390 | D:5      | Entered Level 5 of the Dungeon
  3469 | D:5      | Reached * piety under Uskayaw
  3473 | D:5      | You fall into a shaft and drop 1 floor!
  3496 | D:6      | Noticed an orc warrior
  3643 | D:6      | Reached ** piety under Uskayaw
  3712 | D:6      | Your scales start taking on a golden yellow colour.
  3712 | D:6      | Reached XP level 7. HP: 46/57 MP: 7/7
  3712 | D:6      | Gained mutation: You are resistant to acid. (rCorr) [Yellow
                  | Draconian growth]
  3713 | D:6      | Reached *** piety under Uskayaw
  3714 | D:6      | Reached skill level 1 in Invocations
  3802 | D:6      | Reached skill level 5 in Shapeshifting
  3807 | D:6      | Found a glowing drain.
  3822 | Sewer    | Entered a sewer
  4015 | Sewer    | Reached skill level 2 in Invocations
  4481 | D:6      | Found Ytuanor's Jewellery Emporium.
  4585 | D:6      | Reached skill level 3 in Invocations
  4870 | D:6      | Reached XP level 8. HP: 66/66 MP: 10/10
  5248 | D:5      | Reached skill level 4 in Invocations
  5921 | D:7      | Found Seosuguts's Tiny Tomes.
  6796 | D:8      | Reached **** piety under Uskayaw
  6797 | D:8      | Reached skill level 5 in Invocations
  6828 | D:8      | Reached skill level 5 in Fighting
  6899 | D:8      | Reached XP level 9. HP: 48/74 MP: 13/13
  7344 | D:8      | Reached skill level 6 in Invocations
  7694 | D:8      | Reached skill level 5 in Dodging
  7694 | D:8      | Reached skill level 1 in Stealth
  8048 | D:9      | Found a staircase to the Lair.
  8154 | D:9      | Reached skill level 7 in Invocations
  8435 | D:9      | Noticed a troll
  8436 | D:9      | Found a glowing silver altar of Zin.
  8441 | D:9      | Reached XP level 10. HP: 49/80 MP: 15/15
  9088 | D:9      | Reached skill level 8 in Invocations
  9088 | D:9      | Reached ***** piety under Uskayaw
  9409 | D:10     | Entered Level 10 of the Dungeon
  9499 | D:10     | Noticed Joseph
  9525 | D:10     | Killed Joseph
  9669 | D:10     | Found a snail-covered altar of Cheibriados.
  9711 | D:10     | Found a flagged portal.
  9770 | Bailey   | Entered a bailey
  9973 | Bailey   | Identified the +3 longbow "Eluche Goum" {flame, rF+ Int+2}
 10130 | Bailey   | Identified the +3 sling of the Invisible Heavens {heavy,
                  | *Corrode Int+4}
 10152 | Bailey   | Found a burning altar of Makhleb.
 10444 | D:10     | Noticed Psyche
 10458 | D:10     | Killed Psyche
 10459 | D:10     | Reached skill level 9 in Invocations
 10686 | D:10     | Noticed Maggie
 10695 | D:10     | Killed Maggie
 10697 | D:10     | Reached XP level 11. HP: 41/92 MP: 7/17
 10979 | D:11     | Noticed Snorg
 10988 | D:11     | Killed Snorg
 11648 | D:11     | Slain by a troll

Illustrated notes

Levels and vault maps discovered:
D:1:      dpeg_arrival_arbitrary_c, layout_loops_ring
D:2:      layout_basic, uniq_natasha, uniq_robin
D:3:      layout_basic, serial_shops, nicolae_shop_tiny_glass, shop, shop,
          minmay_close_crescents
D:4:      layout_basic, minmay_temple_entry_glassed_door,
          hellmonk_ghost_happy_afterlife
D:5:      layout_loops_ring
D:6:      layout_basic, mainiacjoe_sewer_entry_somewhere_in_here_1,
          serial_shops, nicolae_shop_waterfront
D:7:      layout_loops_corners, nicolae_shop_i_like_small_books_too,
          serial_park_tiny_1
D:8:      layout_loops_ring
D:9:      layout_basic, zin_treasury, dpeg_oklobed_lair, serial_bayou_ford_a
D:10:     layout_long_grid, slow_altar_1, enter_bailey_7, uniq_maggie,
          uniq_joseph, uniq_psyche
D:11:     layout_roguey, minmay_orc_entry_temple_small, serial_co_window_serial,
          co_window_corner_a, co_window_corner_a, co_window_of_opportunity_a,
          co_window_paths_a, co_window_corner_a, co_window_corner_a,
          co_window_2corner, co_window_broadway_b, co_window_2corner,
          co_window_broadway_b, co_window_broadway_a, co_window_2corner,
          glass_columns_c, glass_columns_a, uniq_erica, uniq_snorg
Temple:   nicolae_temple_bog_church

Skill      XL: |  1  2  3  4  5  6  7  8  9 10 11 |
---------------+----------------------------------+-----
Dodging        | 2 3 4 5 6 |  6.7
Fighting       | 2 3 4 5 6 7 |  7.5
Unarmed Combat | 4 5 6 7 8 |  8.0
Shapeshifting  | 4 5 6 7 |  7.5
Invocations    | 3 5 7 9 |  9.5
Stealth        | 2 4 |  4.7

Action                     |  1- 3 |  4- 6 |  7- 9 | 10-12 || total
---------------------------+-------+-------+-------+-------++-------
  Melee: Unarmed           |    62 |   150 |   279 |   198 ||   689
         Punch             |     1 |     3 |    12 |    12 ||    28
         Tailslap          |     3 |     8 |    36 |    25 ||    72
   Fire: Sling             |    15 |    56 |    54 |    26 ||   151
         Longbow           |       |       |       |    24 ||    24
  Throw: Dart              |     3 |       |       |       ||     3
 Invoke: Stomp             |       |       |     6 |     5 ||    11
         Line Pass         |       |       |     1 |     2 ||     3
Ability: Caustic Breath    |       |       |     8 |     5 ||    13
  Evoke: Wand              |       |       |     2 |     4 ||     6
    Use: Potion            |       |     2 |     2 |     2 ||     6
         Scroll            |       |       |    11 |     4 ||    15
   Stab: Paralysed         |       |       |    17 |    17 ||    34
 Armour: Skin              |    37 |   126 |   191 |   149 ||   503
  Dodge: Dodged            |    30 |   106 |   173 |   136 ||   445

Table legend: (Time is in decaauts)
 A = Elapsed time spent in this place.
 B = Non-inter-level travel time spent in this place.
 C = Inter-level travel time spent in this place.
 D = Time resting spent in this place.
 E = Time spent auto-exploring this place.
 F = Levels seen in this place.
 G = Mean time per level.
                   A        B        C        D        E       F      G
               +--------+--------+--------+--------+--------+-----+--------+
         Total |  11809 |  11053 |    756 |   1928 |   6733 |  14 |  843.5 |
       Dungeon |  10541 |   9795 |    746 |   1736 |   6094 |  11 |  958.3 |
        Temple |     12 |      2 |     10 |      0 |      0 |   1 |   12.0 |
         Sewer |    796 |    796 |      0 |     40 |    563 |   1 |  796.0 |
        Bailey |    459 |    459 |      0 |    152 |     76 |   1 |  459.0 |
               +--------+--------+--------+--------+--------+-----+--------+

Top non-repeatable levels by time:
     D:9: 1573 daAuts
     D:6: 1092 daAuts
     D:8: 1058 daAuts
    D:10: 1012 daAuts
     D:3: 993 daAuts
     D:7: 974 daAuts
     D:1: 909 daAuts
     D:2: 827 daAuts
   Sewer: 796 daAuts
    D:11: 747 daAuts
     D:4: 683 daAuts
     D:5: 667 daAuts
  Bailey: 459 daAuts
  Temple: 12 daAuts
